 Dungeon Crawl Stone Soup version 0.28-b1-25-g9875b3fc8c (webtiles) character file.

Game seed: 1711581108348754955

36 growler the Gusty (level 3, -1/19 HPs)
             Began as a Tengu Air Elementalist on Feb 1, 2022.
             Slain by an adder (3 damage)
             ... on level 2 of the Dungeon.
             The game lasted 00:03:24 (1617 turns).

growler the Gusty (Tengu Air Elementalist)          Turns: 1617, Time: 00:03:24

Health: -1/19      AC:  2    Str:  8    XL:     3   Next: 37%
Magic:  0/7        EV: 12    Int: 17    God:
Gold:   51         SH:  0    Dex: 14    Spells: 1/7 levels left

rFire   . . .      SeeInvis .   (no weapon)
rCold   . . .      Faith    .   (no shield)
rNeg    . . .      Spirit   .   a - +0 robe
rPois   .          Reflect  .   (helmet restricted)
rElec   .          Harm     .   (no cloak)
rCorr   .          Rampage  .   (no gloves)
Will    .....                   (boots unavailable)
Stlth   ++........              (no amulet)
HPRegen 0.06/turn               (no ring)
MPRegen 0.10/turn               (no ring)

@: no status effects
A: beak, talons 3
a: no special abilities


You were on level 2 of the Dungeon.
You visited 1 branch of the dungeon, and saw 2 of its levels.

You collected 51 gold pieces.

Inventory:

Armour
 a - a +0 robe (worn)
Jewellery
 o - a ring of protection from cold
   (You found it on level 1 of the Dungeon)
Scrolls
 b - 2 scrolls of teleportation {unknown}
 c - a scroll of fear {unknown}
 d - a scroll of identify {unknown}
 f - a scroll of magic mapping {unknown}
 h - a scroll of immolation {unknown}
Potions
 e - a potion of curing {unknown}
 g - a potion of flight {unknown}


   Skills:
 - Level 2.1 Dodging
 - Level 2.0 Stealth
 + Level 2.5 Spellcasting
 + Level 2.6 Conjurations
 + Level 4.7 Air Magic


You had one spell level left.
You knew the following spells:

 Your Spells              Type           Power      Damage    Failure   Level
a - Shock                 Conj/Air       56%        1d6       4%          1
d - Static Discharge      Conj/Air       14%        N/A       6%          2
s - Swiftness             Air            18%        N/A       9%          3

Your spell library contained the following spells:

 Spells                   Type           Power      Damage    Failure   Level
 Airstrike                Air            9%         N/A       26%         4
 Sticky Flame             Conj/Fire      6%         2d3       71%         4
 Dispel Undead            Necr           2%         3d7       88%         4


Dungeon Overview and Level Annotations

Branches:
Dungeon (2/15)

Altars:


Innate Abilities, Weirdness & Mutations

You have a beak for a mouth.
You have claws for feet.


Message History

The worm is struck by an arc of lightning!
You kill the worm!
You are struck by an arc of lightning.
The lightning grounds out.
g - an inky potion A kobold comes into view.
It is wielding a +0 club.
A kobold is nearby!
The kobold is struck by an arc of lightning!
You kill the kobold!
The lightning grounds out.
Things that are here:
a +0 club; a stone; a kobold corpse
Found a stone staircase leading up.
Found a scroll labelled NIEFIXT YNEEX.
h - a scroll labelled NIEFIXT YNEEX
Found 10 gold pieces.
Found a stone staircase leading up.
You now have 51 gold pieces (gained 10).
Found a scroll labelled NIEFIXT YNEEX.
An endoplasm comes into view.
An endoplasm is nearby!
A kobold comes into view. It is wielding a +0 dagger.
An adder comes into view.
The kobold shouts!
The endoplasm quivers.
A quokka comes into view.
The endoplasm hits you.
The kobold is struck by an arc of lightning.
You kill the kobold!
You are struck by an arc of lightning.
The lightning grounds out.
The endoplasm is struck by an arc of lightning!
You kill the endoplasm!
You are struck by an arc of lightning.
The lightning grounds out.
Things that are here:
a +0 dagger; a kobold corpse The quokka is struck by an arc of lightning!
You kill the quokka!
You are struck by an arc of lightning.
The lightning grounds out.
The adder is struck by an arc of lightning.
You are struck by an arc of lightning.
The lightning grounds out.
The adder bites you.
* * * LOW HITPOINT WARNING * * *
The adder barely misses you. The adder misses you.
The adder is struck by an arc of lightning!
You are struck by an arc of lightning.
* * * LOW HITPOINT WARNING * * *
The lightning grounds out.
The adder bites you but does no damage. The adder misses you.
The adder bites you.
You die...

#...)##.....#
#...##.....#
##..#8....8#
##..##...#### #
#........##.# ##.
#........##.##..
##...##..##...#
#8.S.8##..#..# ####
##.@.####.#..## #...
#..?# #.....###.##
#...# ###...##..##
⌠...8#####.........
##...##...........##
#...####.###....###
#...# #.# #..#....
8...8 #.# #.##.#..
<.##..##....


You could see an adder.

Vanquished Creatures
  A worm (D:2)
  A dart slug (D:1)
  4 ball pythons
  4 endoplasms
  A giant cockroach (D:1)
  4 goblins
  3 hobgoblins (D:1)
  A quokka (D:2)
  2 bats (D:1)
  4 frilled lizards (D:1)
  2 kobolds (D:2)
  A rat (D:2)
28 creatures vanquished.

Notes
Turn   | Place    | Note
-------+----------+-------------------------------------------
     0 | D:1      | growler the Tengu Air Elementalist began the quest for the
                  | Orb.
     0 | D:1      | Reached XP level 1. HP: 10/10 MP: 4/4
   223 | D:1      | Reached XP level 2. HP: 15/15 MP: 3/6
   421 | D:1      | Learned a level 2 spell: Static Discharge
  1310 | D:2      | Reached XP level 3. HP: 19/19 MP: 0/7
  1314 | D:2      | Learned a level 3 spell: Swiftness
  1617 | D:2      | Slain by an adder

Illustrated notes

Levels and vault maps discovered:
D:1:      giann_forest_graveyard, layout_basic, minmay_splitting_lines
D:2:      layout_rooms, serial_corexii_hall, corexii_hall_statues_i,
          chequers_hall_statues_y, serial_shops, shop, nrook_mini_backslash

Skill      XL: |  1  2 |
---------------+-------+-----
Conjurations   | 2 |  2.6
Dodging        | |  2.1
Stealth        | |  2.0
Spellcasting   | |  2.5
Air Magic      | |  4.7

Action                   || total
-------------------------++-------
 Cast: Shock             ||    34
       Static Discharge  ||    15
Armor: Robe              ||     5
Dodge: Dodged            ||     7
